 Dungeon Crawl Stone Soup version 0.8.0-a0-2551-gb30346b character file.

1909 Metadon the Reanimator (level 8, -1/56 HPs)
             Began as a Deep Dwarf Necromancer on Nov 21, 2010.
             Was an Initiate of Kikubaaqudgha.
             Slain by lomarcan77's ghost (11 damage)
             ... on Level 8 of the Dungeon.
             The game lasted 01:03:25 (6933 turns).

Metadon the Reanimator (Deep Dwarf Necromancer)     Turns: 6933, Time: 01:03:26

HP  -1/56        AC  6     Str 11 Exp: 8/2302 (406), need: 271
MP  13/25        EV 14     Int 19      God: Kikubaaqudgha [......]
Gold 298         SH  0     Dex 13      Spells:  4 memorised,  4 levels left

Res.Fire  : . . .   See Invis. : .   g - +2,+1 quarterstaff (crush)
Res.Cold  : . . .   Warding    : .   H - +2 robe {MR}
Life Prot.: . . .   Conserve   : .   (no shield)
Res.Poison: .       Res.Corr.  : .   C - +0 plumed helmet
Res.Elec. : .       Clarity    : .   (no cloak) Spirit.Shd: . Stasis : .
                                     v - +0 pair of gauntlets
Sust.Abil.: . .     Rnd.Telep. : .   (no boots)
Res.Mut.  : .       Ctrl.Telep.: .   (no amulet)
Res.Rott. : .       Levitation : .   B - ring of magical power
Saprovore : . . .   Ctrl.Flight: .   y - ring of levitation

@: non-regenerating, quite resistant to hostile enchantments, stealthy
A: sense surroundings 1, slow healing 3
a: Device Recharging, Renounce Religion, Evoke Levitation


You were on level 8 of the Dungeon.
You worshipped Kikubaaqudgha.
Kikubaaqudgha was pleased with you.
You were not hungry.

You visited 2 branches of the dungeon, and saw 9 of its levels.

You collected 278 gold pieces.

Inventory:

Hand weapons
 g - a +2,+1 quarterstaff of crushing (weapon)
 n - a +0,+0 elven dagger (quivered)
Armour
 a - a +0 robe
 c - a +0 robe
 v - a +0 pair of gauntlets (worn)
 C - a +0 plumed helmet (worn)
 H - a +2 robe of magic resistance (worn)
Magical devices
 d - a wand of healing (2)
 i - a wand of disintegration (4)
 G - a wand of draining (0)
Comestibles
 s - 2 meat rations
Scrolls
 e - a scroll of magic mapping {unknown}
 h - 2 scrolls of amnesia {unknown}
 j - 3 scrolls of teleportation {unknown}
 k - a scroll of identify {unknown}
 l - a scroll of paper {unknown}
 m - a scroll of holy word {unknown}
 o - 2 scrolls of noise {unknown}
 p - a scroll of remove curse {unknown}
 q - 2 scrolls of enchant weapon II {unknown}
 t - a scroll of curse armour {unknown}
 w - a scroll of fog {unknown}
 E - a scroll of recharging {unknown}
Jewellery
 y - a ring of levitation (left hand)
 B - a ring of magical power (right hand)
Potions
 f - a potion of paralysis {unknown}
 r - a potion of brilliance {unknown}
 u - a potion of degeneration {unknown}
 x - a potion of healing {unknown}
 z - a potion of agility {unknown}
 D - a potion of speed {unknown}
 F - a potion of magic {unknown}
Books
 b - a book of Necromancy

   Spells                             Type                      Level
   *Pain                              Necromancy                   1
   *Animate Skeleton                  Necromancy                   1
   *Vampiric Draining                 Necromancy                   3
   Regeneration                       Enchantment/Necromancy       3
   Dispel Undead                      Necromancy                   4
   *Animate Dead                      Necromancy                   4
   You had 406 experience left.


   Skills:
 + Level 2 Staves
 + Level 5 Dodging
 + Level 4 Stealth
 + Level 3 Spellcasting
 + Level 10 Necromancy


You had 4 spell levels left.
You knew the following spells:

 Your Spells              Type           Power        Success   Level  Hunger
a - Pain                  Necr           #####        Excellent   1    None
b - Vampiric Draining     Necr           ######....   Excellent   3    Choko
c - Animate Dead          Necr           N/A          Excellent   4    Honeycomb
d - Animate Skeleton      Necr           N/A          Excellent   1    None

Dungeon Overview and Level Annotations

Branches:
Dungeon (8/27)             Temple (1/1) D:7             Orc (0/4) D:8
   Lair: D:8-13

Altars:
Cheibriados
Kikubaaqudgha
Zin

Shops:
D:6: + D:8: =


Innate Abilities, Weirdness & Mutations

You are resistant to damage.
You can recharge devices by infusing magical energy.
You passively map a small area around you.
You do not heal naturally.


Message History

lomarcan77's ghost hits Maurice!
Maurice is destroyed! lomarcan77's ghost hits you.
* * * LOW HITPOINT WARNING * * *
lomarcan77's ghost hits you!
You die...
Kikubaaqudgha rasps: "You have failed me!
Welcome... death!"

#.##.......#.######.
* ,
#.##.?...............
#.##.......#.######.
#.##.......#.# ,*
#.##.......#.#####
#.########.......# ,
* #.# #.......#*
###.########p......#
*#.......(..@.\.....#
.
#.#.########.......#
.##.#.# #...)...# .
.##.#.# #.....$.# .#
.##.#.# #.......# .#
.##.#.# #.......#*.#
.##.#.# #.#.#.####.,
....#.# #.#.#.#
#..*### ....#.#
#.#.#.###.##..##


You could see lomarcan77's ghost.

Vanquished Creatures
  Pikel (D:3)
  Maurice (D:8)
  4 slaves (D:3)
  An ogre (D:6)
  Sigmund (D:7)
  2 giant frogs
  A giant beetle (D:6)
  An imp (D:6)
  An orc priest (D:3)
  A hound (D:3)
  3 orc wizards
  2 iguanas
  6 snakes
  2 worms
  A giant gecko (D:6)
  20 giant bats
  5 giant cockroaches
  8 goblins
  12 hobgoblins
  5 kobolds
  15 orcs
  A quokka (D:3)
  A small snake (D:3)
  4 giant newts
  5 jackals (D:2)
  13 rats
  2 toadstools (D:3)
119 creatures vanquished.

Vanquished Creatures (collateral kills)
  Grinder (D:6)
  A centaur (D:6)
  An imp (D:6)
  A giant ant zombie (D:6)
4 creatures vanquished.

Vanquished Creatures (others)
  A giant frog skeleton (D:6)
  A human zombie (D:8)
  An ogre zombie (D:6)
  A giant newt zombie (D:8)
  A jackal (D:2)
  An orc zombie (D:8)
  2 toadstools (D:3)
8 creatures vanquished.

Grand Total: 131 creatures vanquished

Notes
Turn   | Place    | Note
--------------------------------------------------------------
     0 | D:1      | Metadon, the Deep Dwarf Necromancer, began the quest for the Orb.
     0 | D:1      | Reached XP level 1. HP: 11/11 MP: 3/3
   175 | D:1      | Reached XP level 2. HP: 9/17 MP: 2/4
   437 | D:1      | Reached skill level 5 in Necromancy
  1194 | D:2      | Reached XP level 3. HP: 24/24 MP: 2/5
  1199 | D:2      | Learned a level 3 spell: Vampiric Draining
  1935 | D:3      | Reached XP level 4. HP: 25/30 MP: 3/7
  1970 | D:3      | HP: 1/30 [orc priest/divine providence (10)]
  2075 | D:3      | Reached skill level 6 in Necromancy
  2190 | D:3      | Reached XP level 5. HP: 13/37 MP: 2/9
  2705 | D:3      | Reached skill level 7 in Necromancy
  2932 | D:4      | Noticed Menkaure
  3248 | D:4      | Noticed Pikel
  4177 | D:3      | Defeated Pikel
  4177 | D:3      | Reached XP level 6. HP: 13/43 MP: 5/11
  4177 | D:3      | Reached XP level 7. HP: 15/50 MP: 6/12
  4177 | D:3      | Reached skill level 8 in Necromancy
  4183 | D:3      | Learned a level 4 spell: Animate Dead
  4185 | D:3      | Learned a level 1 spell: Animate Skeleton
  4448 | D:4      | Noticed Duvessa
  4449 | D:4      | Noticed Dowan
  4749 | D:5      | Entered Level 5 of the Dungeon
  5066 | D:5      | You fall through a shaft!
  5087 | D:6      | Found Wuppoer's Book Shop.
  5131 | D:6      | Noticed Grinder
  5207 | D:6      | Reached skill level 9 in Necromancy
  5434 | D:6      | Defeated Grinder
  5434 | D:6      | Reached XP level 8. HP: 17/56 MP: 16/16
  5917 | D:6      | Reached skill level 1 in Staves
  5941 | D:6      | Reached skill level 5 in Dodging
  6074 | D:7      | Noticed Sigmund
  6074 | D:7      | Found a staircase to the Ecumenical Temple.
  6086 | D:7      | Defeated Sigmund
  6192 | Temple   | Entered the Ecumenical Temple
  6250 | Temple   | Became a worshipper of Kikubaaqudgha
  6511 | D:8      | Reached skill level 10 in Necromancy
  6729 | D:8      | Found a staircase to the Orcish Mines.
  6794 | D:8      | Noticed Maurice
  6835 | D:8      | Defeated Maurice
  6882 | D:8      | Found Ahalaaka's Jewellery Shoppe.
  6889 | D:8      | Noticed lomarcan77's ghost
  6933 | D:8      | Slain by lomarcan77's ghost
